 Dungeon Crawl Stone Soup version 0.26-a0-651-gb41185065b (webtiles) character file.

Game seed: 1944364169731098282

22 Lanoc the Charlatan (level 3, 0/27 HPs)
             Began as a Formicid Artificer on Oct 12, 2020.
             Slain by a goblin
             ... wielding a +0 dagger
              (1 damage)
             ... on level 2 of the Dungeon.
             The game lasted 00:01:34 (637 turns).

Lanoc the Charlatan (Formicid Artificer)             Turns: 637, Time: 00:01:34

Health: 0/27       AC:  3    Str: 16    XL:     3   Next: 7%
Magic:  3/3        EV: 11    Int: 10    God:
Gold:   30         SH:  0    Dex: 12    Spells: 2/2 levels left

rFire    . . .     SeeInvis +   a - +0 club
rCold    . . .     Faith    .   (no shield)
rNeg     . . .     Spirit   .   b - +0 leather armour
rPois    .         Reflect  .   (helmet unavailable)
rElec    .         Harm     .   (no cloak)
rCorr    .         Rampage  .   (no gloves)
MR       .....                  (no boots)
Stlth    +.........             (no amulet)
HPRegen  0.09/turn              (no ring)
MPRegen  0.08/turn              (no ring)

@: no status effects
A: permanent stasis, dig shafts and tunnels, four strong arms, antennae 3
a: Dig, Shaft Self


You were on level 2 of the Dungeon.
You visited 1 branch of the dungeon, and saw 2 of its levels.

You collected 30 gold pieces.

Inventory:

Hand Weapons
 a - a +0 club (weapon)
Armour
 b - a +0 leather armour (worn)
Wands
 c - a wand of flame (13)
 d - a wand of enslavement (10)
 e - a wand of random effects (15)
Scrolls
 f - a scroll of enchant weapon {unknown}
 g - 2 scrolls of blinking {unknown}
 i - a scroll of immolation {unknown}
Potions
 h - a potion of degeneration {unknown}


   Skills:
 + Level 1.9 Fighting
 - Level 2.1 Armour
 - Level 0.9 Dodging
 - Level 1.2 Stealth
 * Level 4.1 Evocations


You had 2 spell levels left.
You didn't know any spells.
Your spell library was empty.

Dungeon Overview and Level Annotations

Branches:
Dungeon (2/15)

Altars:


Innate Abilities, Weirdness & Mutations

You cannot be hasted, slowed, berserked, paralysed or teleported.
You can dig through walls and to a lower floor.
Your four strong arms can wield two-handed weapons with a shield.
You have a pair of large antennae on your head. (SInv)


Message History

The goblin is heavily wounded.
The bat hits you.
* * * LOW HITPOINT WARNING * * *
The bat closely misses you. The bat misses you.
Your hobgoblin barely misses the bat.
The goblin hits you but does no damage.
You closely miss the goblin.
The goblin is heavily wounded.
The bat hits you but does no damage. The bat hits your hobgoblin.
Your hobgoblin barely misses the bat.
The goblin barely misses you.
You closely miss the goblin.
The goblin is heavily wounded.
The bat barely misses you.
Your hobgoblin misses the bat. The goblin hits you with a +0 dagger.
* * * LOW HITPOINT WARNING * * *
Your hobgoblin hits the bat with a +0 club.
The bat dies!
You hit the goblin.
The goblin is severely wounded.
The goblin hits you with a +0 dagger.
You die...

.# #.# ...#
#.# ...#
#.# ....#
###.##.....
#..........
#@g...##.#?
#.g..<.....
#.....##...
#..........
#.....#....
#.....# ...
#.....# ..
#.....#
#.....#


You could see a goblin and a friendly hobgoblin (charmed).

Vanquished Creatures
  An adder (D:2)
  A bat (D:2)
  3 giant cockroaches (D:1)
  3 hobgoblins
  2 rats
10 creatures vanquished.

Vanquished Creatures (collateral kills)
  2 bats (D:2)
  A frilled lizard (D:2)
  A kobold (D:1)
4 creatures vanquished.

Vanquished Creatures (others)
  A hobgoblin (D:2)
1 creature vanquished.

Grand Total: 15 creatures vanquished

Notes
Turn   | Place    | Note
-------+----------+-------------------------------------------
     0 | D:1      | Lanoc the Formicid Artificer began the quest for the Orb.
     0 | D:1      | Reached XP level 1. HP: 15/15 MP: 1/1
   245 | D:1      | Reached XP level 2. HP: 21/21 MP: 2/2
   547 | D:2      | Reached skill level 4 in Evocations
   613 | D:2      | Reached XP level 3. HP: 15/27 MP: 3/3
   636 | D:2      | HP: 1/27 [goblin/+0 dagger (1)]
   637 | D:2      | Slain by a goblin

Illustrated notes

Levels and vault maps discovered:
D:1:      kennysheep_arrival_seaside, layout_loops_cross, serial_park_tiny_1
D:2:      layout_basic, lightli_temple_of_fire,
          nicolae_overflow_quartered_altars

Skill      XL: |  1  2 |
---------------+-------+-----
Evocations     | 4 |  4.1
Fighting       | |  1.9
Armour         | |  2.1
Dodging        | |  0.9
Stealth        | |  1.2

Action                   || total
-------------------------++-------
Melee: Club              ||    58
Evoke: Wand              ||     7
 Stab: Sleeping          ||     1
Armor: Leather armour    ||    27
Dodge: Dodged            ||    63

Table legend: (Time is in decaauts)
 A = Elapsed time spent in this place.
 B = Non-inter-level travel time spent in this place.
 C = Inter-level travel time spent in this place.
 D = Time resting spent in this place.
 E = Time spent auto-exploring this place.
 F = Levels seen in this place.
 G = Mean time per level.
                   A        B        C        D        E       F      G
               +--------+--------+--------+--------+--------+-----+--------+
         Total |    653 |    653 |      0 |      0 |    472 |   2 |  326.5 |
       Dungeon |    653 |    653 |      0 |      0 |    472 |   2 |  326.5 |
               +--------+--------+--------+--------+--------+-----+--------+

Top non-repeatable levels by time:
     D:2: 357 daAuts
     D:1: 296 daAuts
